[Event "Late-Titled-Tuesday-Blitz-March-19-2024"]
[Site "Chess.com"]
[Date "2024.03.19"]
[Round "6"]
[White "Heinza9"]
[Black "Willhaven3"]
[Result "1-0"]
[WhiteElo "2342"]
[BlackElo "2493"]
[TimeControl "180+1"]
[EndTime "15:06:49 PDT"]
[Termination "Heinza9 won on time"]

1. c4 f5 2. Nc3 Nf6 3. d3 g6 4.
e4 d6 5. Be2 Bg7 6. h4 h6 7. h5 g5 8. exf5 Bxf5 9. d4 Nc6 10.
Be3 Qd7 11. Nf3 Ng4 12. d5 Nxe3 13. fxe3 Ne5 14. e4 Bg4 15. Nxe5 Bxe2 16. Nxd7 Bxd1 17. Kxd1 Kxd7 18. Kc2 Rhf8 19. Raf1 Rxf1 20. Rxf1 Rf8 21. Rxf8 Bxf8 22. Ne2 e5 23. Ng3 c6 24. Nf5 b5 25. cxb5 cxb5 26. Kb3 Kc7 27. a4 Kb6 28. axb5 Kxb5 29. Ne3 a5 30. Kc3 Be7 31. Nf5 Bf8 32.
Kd3 Kb4 33. Ne3 Kb3 34. Nc4 a4 35. Nb6 Be7 36. Nc4 Bd8 37. Nxd6 Kxb2 38. Nc4+ Kb3 39. d6 Kb4 40. Nxe5 a3 41. Kc2 Kc5 42. Nd3+ Kxd6 43.
Kb3 g4 44. Kxa3 Ke6 45. Kb3 Kf6 46. Kc4 Kg5 47. Kd5 Kxh5 48. e5 Kh4 49. Ne1 Kg3 50.
Ke4 h5 51. e6 h4 52. Ke3 Be7 53. Ke2 Bg5 54. Kf1 Be7 55. Nd3 h3 56. gxh3 gxh3 57. Kg1 Kg4 58. Kh1 Bd6 59. Nf2+ Kf5 60. e7 Ke6 61. e8=Q+ Kd5 62. Qd7 Kc5 63. Qc8+ Kd5 64. Nxh3 Be5 65. Ng5 Bd4 66. Qe6+ Kc5 67. Qe4 Kc4 68.
Ne6 Kb3 69. Qxd4 Kc2 70. Kg2 Kc1 71. Kf3 1-0

[Event "Late-Titled-Tuesday-Blitz-March-19-2024"]
[Site "Chess.com"]
[Date "2024.03.19"]
[Round "6"]
[White "Kavyev_Ruslan"]
[Black "grandcoach"]
[Result "0-1"]
[WhiteElo "2447"]
[BlackElo "2252"]
[TimeControl "180+1"]
[EndTime "15:06:50 PDT"]
[Termination "grandcoach won by checkmate"]

1. d4 Nf6 2. Nf3 d5 3. c4 e6 4. g3 dxc4 5. Bg2 a6 6. a4 Nc6 7. O-O Rb8 8. a5 Bb4 9. Bd2 Qe7 10. Qc2 O-O 11. Qxc4 Rd8 12. e3 Bxd2 13. Nbxd2 e5 14. dxe5 Nxe5 15. Rfd1 Nxc4 16. Nxc4 Rxd1+ 17. Rxd1 Bg4 18.
h3 Bxf3 19. Bxf3 c6 20. Nb6 Rd8 21. Rc1 Qb4 22. Nc4 g6 23. Kg2 Kg7 24. Rc2 Rd3 25. Be2 Rb3 26. g4 Nd5 27. Kg3 Qe7 28. Bf3 Nf6 29. Nd2 Rb5 30. Nc4 Ne4+ 31. Kg2 Nd6 32.
Na3 Rxa5 33. Rd2 Ne4 34. Rd4 Nc5 35. Nc4 Rb5 36. Be2 Ne6 37. Rd1 Rb4 38. Rd2 b5 39. Nd6 a5 40. Bf3 a4 41. Bxc6 Nd8 42. Bxb5 Rxb5 43.
Nxb5 Nc6 44. Nc3 Qb4 45. Re2 Na5 46. Rc2 Nc4 47. Nd5 Qb3 48. Rc3 Qb5 49. Nc7 Qb7+ 50. Kg3 Qxc7+ 51. f4 a3 52. Kf2 axb2 53. Rb3 b1=Q 54.
Rxb1 Qc5 55. Re1 Qb6 56. Re2 f5 57. Kf3 Qc6+ 58. Kf2 Qe4 59. g5 Kf7 60. Re1 Nb2 61. Re2 Nd3+ 62. Kg3 Qh1 63. Rh2 Qg1+ 64. Rg2 Qxe3+ 65.
Kh2 Qxf4+ 66. Kh1 Qf3 67. Kg1 Nf4 68. Rf2 Nxh3+ 69. Kh2 Qxf2+ 70. Kxh3 f4 71. Kg4 Qg3# 0-1

[Event "Late-Titled-Tuesday-Blitz-March-19-2024"]
[Site "Chess.com"]
[Date "2024.03.19"]
[Round "6"]
[White "atbenina64"]
[Black "xasid81"]
[Result "1/2-1/2"]
[WhiteElo "2732"]
[BlackElo "2604"]
[TimeControl "180+1"]
[EndTime "15:06:52 PDT"]
[Termination "Game drawn - insufficient material"]

1. c4 c6 2. Nf3 d5 3. e3 Nf6 4. d4 e6 5. Nbd2 Nbd7 6. b3 Bd6 7.
Bb2 O-O 8. Bd3 Qe7 9. O-O e5 10. e4 dxe4 11. Nxe4 Nxe4 12. Bxe4 f5 13. dxe5 Nxe5 14. Bxe5 Bxe5 15. Bd5+ cxd5 16. Qxd5+ Kh8 17.
Qxe5 Qf7 18. Rad1 a5 19. Rd6 a4 20. Rfd1 axb3 21. axb3 f4 22. Rh6 Bf5 23. Rhd6 Bc2 24. Rd7 Bxd1 25. Rxf7 Rxf7 26. Ng5 Rd7 27. h3 Bc2 28. b4 h6 29. Nf3 Rf8 30. Nd4 Bg6 31.
c5 Rfd8 32. Ne6 Re8 33. Nxf4 Rxe5 34. Nxg6+ Kh7 35. Nxe5 Rd1+ 36. Kh2 Rb1 37. c6 b5 38.
Nd3 Ra1 39. Nc5 Ra7 40. Ne6 Ra6 41. c7 Rc6 42. Nd4 Rxc7 43. Nxb5 Rb7 44. Nd6 Rxb4 45. f3 Rb8 46. Ne4 Kg8 47. Kg3 Rf8 48. h4 Kh8 49. Kg4 Rg8 50. Nd6 Rf8 51. Nf5 Kg8 52. h5 Kf7 53. Nd6+ Ke6 54. Ne4 Ke5 55. Nc5 Rf4+ 56.
Kg3 Rf5 57. Kh4 Kf6 58. Ne4+ Ke5 59. Nc5 Kd5 60. Ne4 Rf4+ 61. Kg3 Rxe4 62. fxe4+ Kxe4 63. Kg4 Ke5 64. Kf3 Kf5 65. g3 Kg5 66. g4 Kf6 67. Kf4 g6 68. hxg6 Kxg6 69. Kg3 Kg5 70. Kh3 h5 71. gxh5 Kxh5 1/2-1/2

[Event "Late-Titled-Tuesday-Blitz-March-19-2024"]
[Site "Chess.com"]
[Date "2024.03.19"]
[Round "6"]
[White "ahkashefi2800"]
[Black "wild3000"]
[Result "0-1"]
[WhiteElo "2590"]
[BlackElo "2451"]
[TimeControl "180+1"]
[EndTime "15:06:58 PDT"]
[Termination "wild3000 won on time"]

1. e4 c5 2. Nf3 e6 3. d4 cxd4 4.
Nxd4 a6 5. Bd3 Nc6 6. Nxc6 bxc6 7. O-O d5 8. e5 Qc7 9. f4 Ne7 10. Nd2 Nf5 11. Bxf5 exf5 12. Nb3 Be6 13. Be3 c5 14. c3 Be7 15. Qd2 O-O 16. Rac1 a5 17. Qf2 Rac8 18. Nd2 a4 19. Nf3 a3 20. b3 h6 21. Rfd1 Rfd8 22.
Qf1 Qb7 23. Kh1 Rd7 24. Bg1 Rdd8 25. Qe2 Rd7 26. Qc2 Rdc7 27. Qe2 Rd7 28. Qe1 Rdd8 29.
Qg3 d4 30. c4 Bd7 31. Ne1 Bc6 32. Nd3 Be4 33. Rd2 Rc6 34. Rcd1 Rg6 35. Qh3 Qc6 36. Ne1 f6 37. exf6 Qxf6 38. Bf2 Re8 39. Bg3 Bd6 40. Nd3 Rg4 41. Nf2 Rg6 42. Kg1 Kh7 43. Re1 Re7 44. Rdd1 Qf7 45. Nxe4 fxe4 46. f5 Rf6 47. Bh4 e3 48. Bxf6 Qxf6 49. Re2 Re4 50. g3 Re8 51. Qg4 Rf8 52. Rf1 Qg5 53. Qe4 Qf6 54.
Qd3 Be5 55. Rg2 Kh8 56. Rf3 Qg5 57. Kf1 Bf6 58. Ke2 Qg4 59. Rg1 Re8 60. Rg2 Qh3 61. Rg1 Qxh2+ 62. Kf1 e2+ 63. Ke1 Qxg1+ 64. Kd2 e1=Q+ 0-1

[Event "Late-Titled-Tuesday-Blitz-March-19-2024"]
[Site "Chess.com"]
[Date "2024.03.19"]
[Round "6"]
[White "sacrifoice"]
[Black "Defenstrator"]
[Result "1-0"]
[WhiteElo "2253"]
[BlackElo "2451"]
[TimeControl "180+1"]
[EndTime "15:06:58 PDT"]
[Termination "sacrifoice won by resignation"]

1. e4 c5 2. Nf3 Nc6 3. Bb5 Nd4 4.
Nxd4 cxd4 5. O-O Nf6 6. d3 e6 7. Bg5 Qb6 8. Bc4 Qxb2 9. Nd2 Be7 10. e5 Nd5 11. Ne4 Bxg5 12. Nxg5 f6 13. Bxd5 fxg5 14. Bb3 O-O 15. Qg4 h6 16. Rab1 Qa3 17. Qxd4 b6 18. Qe4 Ba6 19. c4 Rab8 20. f4 Bb7 21. Qe3 gxf4 22. Rxf4 Rxf4 23. Qxf4 Rf8 24. Qd2 Qe7 25. d4 Qh4 26. d5 exd5 27. cxd5 Rf5 28. Re1 Kh8 29. e6 dxe6 30. dxe6 Rg5 31. Qd8+ Kh7 32. Bc2+ g6 33. Qc7+ Kh8 34. Qb8+ Kg7 35. Qxb7+ Kf6 36. Rf1+ Ke5 37. Qc7+ Kd4 38. Qd6+ Kc3 39.
Qc6+ Kd2 40. e7 Qd4+ 41. Kh1 Re5 42. e8=Q Rxe8 43. Qxe8 Kxc2 44. Qe2+ Kc3 45. Rf3+ Kb4 46. Qe1+ Ka4 47. Rh3 g5 48. Rxh6 b5 49. Rh3 a5 50.
Re3 b4 51. Re4 Qb2 52. Qd1+ Ka3 53. Re3+ Kxa2 54. Re2 a4 55. Rxb2+ Kxb2 56. Qxa4 b3 57. h3 Kc3 58. g3 b2 59. Qa2 Kc2 60. Qc4+ Kd1 61.
Qb3+ Kc1 62. h4 gxh4 63. gxh4 b1=Q 64. Qxb1+ Kxb1 65. h5 1-0

[Event "Late-Titled-Tuesday-Blitz-March-19-2024"]
[Site "Chess.com"]
[Date "2024.03.19"]
[Round "6"]
[White "MaxLeto"]
[Black "ViktoriyaTarasova"]
[Result "1/2-1/2"]
[WhiteElo "2500"]
[BlackElo "2333"]
[TimeControl "180+1"]
[EndTime "15:07:01 PDT"]
[Termination "Game drawn by repetition"]

1. a3 e5 2. b3 d5 3. c3 Nc6 4. d3 Nf6 5. e3 Bd6 6. f3 O-O 7.
g3 Be6 8. h3 Nd7 9. Ne2 f5 10.
Bg2 Qe7 11. O-O b5 12. Nd2 a5 13. Bb2 a4 14. b4 Nd8 15. f4 c5 16. bxc5 Nxc5 17.
fxe5 Bxe5 18. Qb1 Bc7 19. Nf4 Qf7 20. Nf3 h6 21. Nd4 Bxf4 22. exf4 Bd7 23. Qa2 Nb3 24. Nxb3 axb3 25. Qxb3 Bc6 26. Rfe1 Nb7 27. Re5 Rfd8 28. Rae1 Nc5 29. Qc2 Re8 30. Bc1 Rxe5 31. Rxe5 Re8 32. Be3 Nd7 33. Rxe8+ Qxe8 34. Bd4 Nf8 35. Be5 Ng6 36.
Bd4 Qe1+ 37. Kh2 Qe6 38. Qb3 Kh7 39. Qb4 Qd7 40. Qc5 Bb7 41. Qa7 Nf8 42. Be5 Ne6 43. Qe3 g6 44. g4 fxg4 45. hxg4 Nf8 46. Bh3 Qf7 47. d4 Bc8 48. Qg3 Be6 49. Qh4 Nd7 50. g5 h5 51. Bd6 Bxh3 52. Qxh3 Qe8 53. Qf3 Qe6 54. Be5 Qf5 55. Kg3 Qe6 56. Qe3 Nb6 57. Qf3 Nc4 58. a4 bxa4 59. Qd1 a3 60. Qa4 Qg4+ 61. Kf2 Qh4+ 62. Kg2 Qg4+ 63. Kf2 Qh4+ 64.
Kg2 Ne3+ 65. Kf3 Qh3+ 66. Ke2 Qg2+ 67. Kxe3 Qe4+ 68. Kd2 Qg2+ 69. Kd3 Qe4+ 70. Kd2 Qg2+ 71. Kd1 Qf1+ 72. Kc2 Qe2+ 73. Kc1 Qe1+ 74. Kc2 Qe2+ 75.
Kc1 Qe1+ 76. Kc2 Qe2+ 1/2-1/2

[Event "Late-Titled-Tuesday-Blitz-March-19-2024"]
[Site "Chess.com"]
[Date "2024.03.19"]
[Round "6"]
[White "kassablanca"]
[Black "arenal72"]
[Result "1-0"]
[WhiteElo "2745"]
[BlackElo "2601"]
[TimeControl "180+1"]
[EndTime "15:07:02 PDT"]
[Termination "kassablanca won on time"]

1. e3 c5 2. d4 cxd4 3. exd4 d5 4.
Bd3 Nc6 5. c3 Nf6 6. Bf4 Bg4 7.
Nf3 e6 8. Nbd2 Bd6 9. Bxd6 Qxd6 10. O-O O-O 11. Re1 a6 12. Qb1 Bxf3 13. Nxf3 b5 14.
a3 h6 15. Qc1 Rab8 16. Qe3 Na5 17. Ne5 Nc4 18. Qe2 Nd7 19. Rad1 Ncxe5 20. dxe5 Qe7 21.
Bc2 a5 22. Rd3 b4 23. cxb4 axb4 24. a4 Rfc8 25. Rg3 Rc4 26. Bd3 Rd4 27. Bb5 Re4 28. Re3 Rxe3 29. Qxe3 Rc8 30. Qd2 b3 31. Qe3 Nc5 32.
Rc1 Rc7 33. g3 Ne4 34. Rxc7 Qxc7 35. Qxb3 Qc1+ 36. Kg2 Qd2 37. Qe3 Qxb2 38. h4 h5 39. Bd3 Qxe5 40. a5 Qa1 41. a6 Qa5 42. a7 Nd6 43. Qe5 Qxa7 44. Qxd6 g6 45. Qd8+ Kg7 46.
Qg5 Qd4 47. Qe3 Qc3 48. Be2 Qb2 49. Bf3 Qa1 50. Qf4 Qc3 51. Be2 Qb2 52. Qf3 Qa1 53.
Bb5 Qb2 54. Be8 Qb7 55. Qc3+ Kg8 56. Bc6 Qe7 57. Qe5 Qc5 58. Be8 Qe7 59. Bb5 Qc5 60.
Be2 Qe7 61. Qg5 Qd6 62. Bxh5 Kg7 63. Bf3 d4 64. h5 d3 65. hxg6 fxg6 66. Qd2 Qd4 67.
Kg1 e5 68. Qe3 Qa1+ 69. Kg2 Qc3 70. Be4 d2 71. Qxc3 d1=Q 72. Qc6 Qh5 73. Qe6 Qg5 74. Kf3 Qh5+ 75. Qg4 1-0

[Event "Late-Titled-Tuesday-Blitz-March-19-2024"]
[Site "Chess.com"]
[Date "2024.03.19"]
[Round "6"]
[White "Ticoluis"]
[Black "rychessmaster1"]
[Result "0-1"]
[WhiteElo "2523"]
[BlackElo "2747"]
[TimeControl "180+1"]
[EndTime "15:07:05 PDT"]
[Termination "rychessmaster1 won on time"]

1. e4 d6 2. d4 Nf6 3. Nc3 e5 4.
Nf3 Nbd7 5. a4 Be7 6. Bc4 O-O 7. O-O c6 8. b3 Nxe4 9. Nxe4 d5 10. Bxd5 cxd5 11.
Nc3 e4 12. Ne5 Nxe5 13. dxe5 Be6 14. Be3 Rc8 15. Nb5 a6 16. Nd4 Bb4 17. Rc1 Bc3 18. f4 exf3 19. Qxf3 Qh4 20. g3 Qg4 21. Qxg4 Bxg4 22.
Rf4 Bh5 23. Nf5 Rce8 24. Bc5 Bxe5 25. Bxf8 Bxf4 26. gxf4 Kxf8 27. c4 dxc4 28. Rxc4 Rd8 29. Rc7 b5 30. a5 Bg6 31. Ng3 Bd3 32. b4 Rd4 33. Kf2 Rxb4 34. Ke3 Bb1 35. Ra7 g6 36.
Rxa6 h5 37. Ne2 Ba2 38. Nd4 Bc4 39. Rb6 Ra4 40. a6 Ra3+ 41. Ke4 Kg7 42. Nc6 Bf1 43. Kd4 Bg2 44. Ne5 b4 45. Nc4 Ra4 46. Nd6 b3+ 47. Kc3 Bd5 48. Ne8+ Kf8 49. Nf6 Be6 50. Nh7+ Kg7 51. Ng5 Bd5 52. Rd6 Bg2 53. Kxb3 Ra1 54. Kb2 Rf1 55. a7 Rxf4 56. Rd7 Rf5 57. Ne6+ Kf6 58.
Nd4 Rf2+ 59. Kc3 Bh1 60. Rc7 Ra2 61. Kb3 Ra1 62. Kb2 Ra6 63. Kb3 g5 64. Kb4 g4 65.
Kb5 Ra1 66. Kb6 h4 67. Nc6 g3 68. hxg3 hxg3 69. Nd4 g2 70. Nf3 g1=Q+ 71. Nxg1 Rxg1 72. Rc5 Ra1 73. Rc2 Bd5 74. Rd2 Ke6 75. Re2+ Kd6 76. Rf2 Rb1+ 77. Ka6 Kc5 78. Rc2+ Bc4+ 0-1

[Event "Late-Titled-Tuesday-Blitz-March-19-2024"]
[Site "Chess.com"]
[Date "2024.03.19"]
[Round "6"]
[White "platy3"]
[Black "kingofthenil"]
[Result "1-0"]
[WhiteElo "2962"]
[BlackElo "2770"]
[TimeControl "180+1"]
[EndTime "15:07:12 PDT"]
[Termination "platy3 won on time"]

1. e4 Nc6 2. Nf3 d5 3. exd5 Qxd5 4. h3 Nf6 5. Nc3 Qh5 6. Bb5 Bg4 7. O-O Bxf3 8. Qxf3 Qxf3 9. gxf3 Kd7 10. d3 a6 11.
Ba4 b5 12. Bb3 Nd4 13. Kg2 e6 14. Be3 Nf5 15. a4 b4 16. Ne4 Bd6 17. f4 Nd5 18.
Kf3 h6 19. Rg1 Nh4+ 20. Ke2 Nf5 21. Kf3 Nh4+ 22. Ke2 Nf5 23. Ng3 Nh4 24. f5 Nxe3 25. fxe6+ fxe6 26. fxe3 g5 27. Ne4 Rhf8 28. Raf1 a5 29.
Nf6+ Ke7 30. Ng4 h5 31. Nf2 Nf3 32. Rg2 Rf5 33. Ne4 Raf8 34. Rgf2 Nh2 35. Rg1 Nf3 36.
Rgg2 Nh4 37. Rxg5 Rxf2+ 38. Nxf2 Nf5 39. Ne4 h4 40. Rg6 Ng3+ 41. Kd2 Nxe4+ 42. dxe4 Rf2+ 43. Kd3 Rf3 44. Bxe6 Bf4 45. Bf5 Rxe3+ 46. Kc4 Re2 47. Ra6 Rxc2+ 48. Kb3 Rh2 49. Rxa5 Be5 50. Rxe5+ Kf6 51.
Rc5 Kg5 52. a5 Kf4 53. a6 Rh1 54. Kxb4 Ra1 55. Ra5 Rb1 56. b3 c5+ 57. Kc4 Ra1 58. Ra4 Rc1+ 59. Kb5 Rb1 60. b4 cxb4 61. a7 b3 62.
a8=Q b2 63. Ra2 Ke3 64. Qa3+ Kf4 65. Rxb2 Rf1 66. Qd3 Rf3 67. Qxf3+ Ke5 68. Kc4 Kf6 69. Kd4 Kg5 70. Ke3 Kh6 71. Kf4 Kg7 72. e5 Kh6 73.
Rb6+ Kg7 74. Qb7+ 1-0

[Event "Late-Titled-Tuesday-Blitz-March-19-2024"]
[Site "Chess.com"]
[Date "2024.03.19"]
[Round "6"]
[White "valeriocarnicelli"]
[Black "Julianos82"]
[Result "1/2-1/2"]
[WhiteElo "2548"]
[BlackElo "2401"]
[TimeControl "180+1"]
[EndTime "15:07:17 PDT"]
[Termination "Game drawn by repetition"]

1. b3 e5 2. Bb2 Nc6 3. e3 Nf6 4. c4 d5 5. cxd5 Nxd5 6. a3 Be6 7. Nf3 f6 8. Nc3 Be7 9. Qc2 Qd7 10. Rc1 O-O 11.
Bd3 h6 12. Nxd5 Bxd5 13. e4 Be6 14. Bc4 a6 15. O-O Rad8 16. Rfd1 Kh7 17. Bxe6 Qxe6 18. b4 Rd7 19. d3 Rfd8 20. h3 Kh8 21. Kf1 g5 22.
Ke2 Kg7 23. Qc4 Kf7 24. g4 Qxc4 25. dxc4 Rxd1 26. Rxd1 Rxd1 27. Kxd1 b5 28. Nd2 Nd8 29. cxb5 axb5 30. Nb1 Ne6 31. Nc3 c6 32. Ne2 c5 33.
Bc3 cxb4 34. axb4 Ke8 35. Kc2 Kd7 36. Kb3 Kc6 37. Bd2 Bd8 38. Ng3 Bb6 39. Be3 Bxe3 40. fxe3 Ng7 41. Kc3 Kd6 42. Kd3 Kc6 43. Nf1 h5 44.
Ng3 h4 45. Ne2 Ne8 46. Nc1 Nc7 47. Nb3 Ne6 48. Kc3 Kb6 49. Nc1 Kc6 50. Nd3 Kd6 51. Ne1 Nd8 52. Nc2 Nb7 53. Kd3 Kc6 54. Na1 Kd6 55. Nb3 Kc6 56. Kc3 Kd6 57. Na5 Nd8 58. Kd3 Ne6 59. Nb7+ Kc6 60. Na5+ Kd6 61. Kd2 Nd8 62.
Kc3 Nc6 63. Nb7+ Kc7 64. Nc5 Nd8 65. Kd3 Kd6 66. Kc2 Nc6 67. Kc3 Nd8 68. Kb3 Ne6 69. Nb7+ Kc6 70. Na5+ Kc7 71. Kc3 Nf8 72. Nb3 Ne6 73.
Nc5 Nd8 74. Na6+ Kd6 75. Nc5 Nc6 76. Nb7+ Kc7 77. Na5 Kd6 78. Nb3 Nd8 79. Nc5 Ne6 80. Nxe6 Kxe6 81. Kd3 Kd6 82. Kc3 Kc6 83. Kd3 Kd7 84. Kc3 Kd6 85. Kd3 Kc6 86. Kc3 Kd6 87. Kd3 Kc6 88. Kc3 Kd6 1/2-1/2

[Event "Late-Titled-Tuesday-Blitz-March-19-2024"]
[Site "Chess.com"]
[Date "2024.03.19"]
[Round "6"]
[White "emeli_chess"]
[Black "AntonovaNadezhda"]
[Result "1/2-1/2"]
[WhiteElo "2401"]
[BlackElo "2212"]
[TimeControl "180+1"]
[EndTime "15:07:22 PDT"]
[Termination "Game drawn by repetition"]

1. d4 Nf6 2. c4 g6 3. Nc3 Bg7 4. e4 d6 5. f3 O-O 6. Be3 c5 7. Nge2 Nc6 8. d5 Nb8 9. Ng3 h5 10. Be2 h4 11. Nf1 e6 12. Bg5 h3 13. g3 exd5 14.
Nxd5 Be6 15. Nfe3 Nc6 16. O-O Nd4 17. f4 Bxd5 18. Nxd5 Re8 19. Bd3 Re6 20. f5 gxf5 21. exf5 Re5 22. Bxf6 Bxf6 23. Qg4+ Kf8 24. Qxh3 Rxd5 25.
cxd5 Qb6 26. Qh6+ Bg7 27. Qe3 Re8 28. Qf2 Be5 29. f6 Nb3 30. Kg2 Nxa1 31. Rxa1 Qxb2 32. Qxb2 Bxb2 33. Rb1 Bxf6 34. Rxb7 Re3 35. Bc4 Ra3 36. Rc7 Be5 37. g4 Kg7 38. h4 Rg3+ 39. Kf2 Rxg4 40.
Be2 Rxh4 41. Rxa7 c4 42. Rc7 c3 43. Bd3 Rh2+ 44. Ke3 Rxa2 45. Be4 Ra3 46. Kd3 Kf6 47. Kc2 Ra2+ 48. Kd3 Rd2+ 49. Ke3 Rd4 50. Bd3 Rh4 51.
Bb5 Rh3+ 52. Ke4 Rh4+ 53. Ke3 Rh3+ 54. Ke4 Rh4+ 55. Kd3 Rh7 56. Be8 Kf5 57. Bxf7 Bf6 58. Be6+ Kg6 59. Bf5+ Kxf5 60. Rxh7 Ke5 61. Rh5+ Kf4 62.
Rh2 Ke5 63. Rh5+ Kf4 64. Kc2 Be5 65. Kb3 Ke4 66. Rh2 Kxd5 67. Rc2 Kc5 68. Rg2 Kd5 69.
Kc2 Ke6 70. Kd3 Kd5 71. Rg4 Ke6 72. Rg6+ Kd5 73. Rg4 Kc5 74. Rg8 Kd5 75. Rg4 1/2-1/2

[Event "Late-Titled-Tuesday-Blitz-March-19-2024"]
[Site "Chess.com"]
[Date "2024.03.19"]
[Round "6"]
[White "ChessBrainiacOnTwitch"]
[Black "Boundless_Strike"]
[Result "1-0"]
[WhiteElo "2813"]
[BlackElo "2628"]
[TimeControl "180+1"]
[EndTime "15:07:31 PDT"]
[Termination "ChessBrainiacOnTwitch won by checkmate"]

1. e4 d6 2. d4 e5 3. Nf3 Bg4 4. dxe5 Nc6 5. exd6 Bxd6 6. Be2 Qe7 7. Nc3 O-O-O 8.
Bd3 Ne5 9. Be3 Nf6 10. Qe2 Bb4 11. O-O h5 12. Bg5 c6 13. a3 Bd6 14. Qe3 Nxf3+ 15. gxf3 Bh3 16. Rfe1 Bc5 17. Qf4 Rd4 18. Qh4 Bd7 19. Ne2 Ra4 20. Ng3 Qd8 21. b3 Rd4 22. b4 Bb6 23. Rad1 Kb8 24. Bf1 Be6 25. Rd3 Rxd3 26. Bxd3 Qd4 27. Be3 Qc3 28. Rd1 Bxe3 29. fxe3 Qxa3 30. b5 cxb5 31. Qf4+ Ka8 32. Qg5 h4 33. Ne2 a6 34. Kf2 Nd7 35. Qxg7 Rc8 36. Nd4 Nc5 37. Be2 Ba2 38. Qg4 Rd8 39. Qxh4 Rc8 40. Qe7 Qc3 41. h4 Ne6 42. Rd3 Qa1 43.
Nxe6 Bxe6 44. Rd8 Qh1 45. Rxc8+ Bxc8 46. Qd8 Kb8 47. Qd6+ Ka8 48. Qg3 Be6 49. f4 Qxe4 50.
Bd3 Qh1 51. f5 Bd5 52. Qg5 b4 53. e4 Bc6 54. Qd8+ Ka7 55. Qd4+ Kb8 56. Qd8+ Ka7 57. Qg5 Qd1 58. Qe3+ b6 59. Qg5 b5 60. Qe7+ Kb6 61. Qxb4 a5 62. Qd4+ Kb7 63. Qe3 Qh1 64. Qg3 Qc1 65. Qg5 Qh1 66. e5 Qh2+ 67. Ke3 Qxe5+ 68. Kd2 Qd4 69. f6 Kb6 70. Qe3 Kc5 71.
h5 Qxe3+ 72. Kxe3 a4 73. Kd2 a3 74. Kc1 Kb4 75. h6 Kc3 76. Kb1 Bd5 77. h7 a2+ 78.
Ka1 b4 79. h8=Q Kd2 80. Qh2+ Kc3 81. Qe5+ Kd2 82. Qxd5 Kc3 83. Qb3+ Kd2 84. Qxb4+ Kc1 85. Qb2+ Kd2 86. c4+ Ke3 87. Qe2+ Kd4 88. c5 Kc3 89. Ba6 Kb4 90. Qc4+ Ka5 91. Qb5# 1-0

[Event "Late-Titled-Tuesday-Blitz-March-19-2024"]
[Site "Chess.com"]
[Date "2024.03.19"]
[Round "6"]
[White "bubeliang"]
[Black "TheKnightOfBosnia"]
[Result "0-1"]
[WhiteElo "2776"]
[BlackElo "2632"]
[TimeControl "180+1"]
[EndTime "15:07:31 PDT"]
[Termination "TheKnightOfBosnia won by checkmate"]

1. d4 Nf6 2. Nc3 d5 3. Bf4 g6 4. e3 Bg7 5. h4 c6 6. Nf3 Qb6 7. Rb1 Bg4 8. Be2 Nbd7 9. Ne5 Nxe5 10. Bxe5 Bxe2 11. Qxe2 O-O 12. g4 Nd7 13. Bxg7 Kxg7 14. g5 h5 15. gxh6+ Kh7 16. h5 Rg8 17. hxg6+ Rxg6 18. Kd2 Rag8 19. Rh3 e5 20. Qd3 e4 21. Qe2 Rg2 22.
Rf1 Nf6 23. Rh4 Ng4 24. Kc1 Nh2 25. Rh1 Nf3 26. Rf4 Rg1+ 27. Nd1 Rxh1 28. Rxf7+ Kxh6 29. Rxf3 exf3 30. Qxf3 Rxd1+ 31. Kxd1 Qd8 32. Kd2 Kg7 33. b3 Qf6 34. Qg4+ Kf7 35. Qd7+ Qe7 36. Qf5+ Kg7 37.
Qg4+ Kf8 38. Qf5+ Qf7 39. Qc8+ Kg7 40. Qg4+ Kf6 41. Qh4+ Ke6 42. Kc3 Kd7 43. a4 Kc7 44. Qh2+ Kc8 45. a5 Qd7 46. b4 Rf8 47. Qh4 Qf7 48.
a6 bxa6 49. f4 Re8 50. Qh3+ Qd7 51. Qg3 Qe6 52. Kb2 Qxe3 53. Qg4+ Qe6 54. Qg5 Kb7 55. Qg7+ Re7 56. Qf8 Qd7 57. Qf6 Rf7 58. Qg6 Qf5 59. Qd6 Qxf4 60. Qc5 Qc7 61. Qc3 Qb6 62. Qd2 a5 63. Ka2 axb4 64. Qe3 Rc7 65. Kb1 Qb5 66.
Qe5 b3 67. cxb3 Qxb3+ 68. Kc1 Rf7 69. Kd2 Rf2+ 70. Ke1 Rf7 71. Qe6 Qf3 72. Qd6 Qe4+ 73. Kd2 Qxd4+ 74. Kc1 Rf1+ 75. Kc2 Rf2+ 76. Kb3 Rb2+ 77.
Ka3 Qc3+ 78. Ka4 Ra2+ 79. Qa3 Rxa3# 0-1

[Event "Late-Titled-Tuesday-Blitz-March-19-2024"]
[Site "Chess.com"]
[Date "2024.03.19"]
[Round "6"]
[White "Piriflillo"]
[Black "dennisodessa"]
[Result "0-1"]
[WhiteElo "2368"]
[BlackElo "2527"]
[TimeControl "180+1"]
[EndTime "15:07:43 PDT"]
[Termination "dennisodessa won by resignation"]

1. Nf3 e6 2. b3 Nf6 3. Bb2 b6 4. e3 Bb7 5. d4 Be7 6. Nbd2 c5 7. Bd3 d5 8. O-O Nbd7 9. Ne5 O-O 10. f4 Ne4 11. c4 Nxe5 12. fxe5 Nxd2 13. Qxd2 f6 14. Qc2 f5 15. cxd5 Qxd5 16. Bc4 Qc6 17. a4 a6 18. Qe2 Kh8 19. Rad1 Rfd8 20. Qf3 Qxf3 21. gxf3 Bd5 22. Bxd5 Rxd5 23. e4 fxe4 24. fxe4 Rxd4 25. Bxd4 cxd4 26. Rc1 Bc5 27. Rfd1 a5 28. Kg2 h6 29. Rf1 Kg8 30. Kf3 Rd8 31. Rfd1 Rf8+ 32. Ke2 Rf4 33. Kd3 Rf3+ 34. Kc4 Rf2 35. h4 Rf4 36. Rg1 Rxe4 37. Rg6 Kf7 38. Rg3 Rxh4 39. Rf1+ Kg8 40. Kd3 Rh5 41. Rfg1 Rxe5 42. Rxg7+ Kf8 43. Rg8+ Ke7 44. R1g7+ Kd6 45. Rd8+ Kc6 46. Rc8+ Kd6 47. Rd8+ Kc6 48. Rdd7 Re3+ 49. Kd2 Rxb3 50. Rc7+ Kd5 51. Rgd7+ Kc4 52. Rh7 Rb2+ 53. Kc1 Ra2 54. Rxh6 Rxa4 55. Rh3 Ra1+ 56. Kb2 Re1 57. Rh6 e5 58. Rg7 e4 59.
Rg4 e3 60. Rh2 Rd1 61. Rc2+ Kb5 62. Re2 Rf1 63. Re4 Rf2 64. Rxf2 exf2 65. Rf4 d3 66. Kc3 a4 67. Kxd3 a3 68. Kc2 Kc6 69. Kb3 Kd5 70. Kc2 Ke5 71. Rf7 Ke4 72. Rf6 Ke3 73.
Kb3 Ke2 74. Re6+ Be3 75. Rf6 f1=Q 76. Rxf1 Kxf1 77. Kxa3 Bc5+ 78. Ka4 Ke2 79. Kb5 Ke3 80. Ka4 Ke4 81. Kb5 Ke5 82. Ka4 Kd6 83. Kb5 Kc7 84.
Ka4 Kc6 85. Kb3 b5 86. Kc3 Kb6 87. Kb3 b4 88. Kc2 Kb5 89. Kb3 Bd6 90. Kb2 Kc4 91.
Kc2 b3+ 92. Kb2 Be5+ 93. Kb1 Kc3 94. Kc1 b2+ 95. Kb1 Bf6 96. Ka2 Kc2 0-1

[Event "Late-Titled-Tuesday-Blitz-March-19-2024"]
[Site "Chess.com"]
[Date "2024.03.19"]
[Round "6"]
[White "Payyappat"]
[Black "mirochka"]
[Result "1/2-1/2"]
[WhiteElo "2506"]
[BlackElo "2303"]
[TimeControl "180+1"]
[EndTime "15:07:51 PDT"]
[Termination "Game drawn - insufficient material"]

1. e4 c5 2. Nf3 e6 3. d4 cxd4 4. Nxd4 a6 5. c4 Nf6 6. Nc3 Bb4 7. Bd3 Nc6 8. Be3 d5 9. cxd5 exd5 10. O-O Bxc3 11.
bxc3 dxe4 12. Bc4 O-O 13. Nxc6 bxc6 14. Bc5 Re8 15. Qb3 Be6 16. Bxe6 Rxe6 17. Rad1 Qe8 18. Rd2 Nd5 19. c4 Nf4 20. Rfd1 Rg6 21. Bd6 Nxg2 22. Bg3 Nh4 23. Rd7 Nf3+ 24. Kf1 h5 25. Qb6 Kh7 26. Qc5 Rg5 27. Qd6 Qe6 28. Qxe6 fxe6 29. h4 Rc5 30. Re7 Rxc4 31. Rdd7 Rc1+ 32. Kg2 Rg1+ 33. Kh3 Rg8 34. Rxe6 Re1 35. Bf4 Rh1+ 36. Kg2 Rg1+ 37. Kh3 Rg6 38. Rxe4 Rf8 39. Bg3 Kh6 40. Rd3 c5 41. Ree3 Nd4 42. Re5 Nf5 43. Rxc5 Nxg3 44. fxg3 Rf2 45. Rdd5 Kh7 46.
Rxh5+ Kg8 47. Rhf5 Re2 48. Rc8+ Kh7 49. Rh5+ Rh6 50.
Rxh6+ gxh6 51. Rc7+ Kg8 52. Rc6 Kg7 53. Rxa6 h5 54.
Ra5 Kg6 55. Ra8 Rb2 56. a4 Ra2 57. a5 Kg7 58. a6 Kh7 59. a7 Kg7 60. g4 Ra3+ 61.
Kg2 hxg4 62. h5 Kh7 63. h6 Ra6 64. Kg3 Ra4 65. Kh4 g3+ 66. Kxg3 Ra3+ 67. Kf4 Ra4+ 68. Ke3 Ra5 69. Kd3 Ra6 70. Kc4 Ra1 71. Kb5 Rb1+ 72. Kc6 Rc1+ 73. Kd5 Rd1+ 74. Ke4 Ra1 75. Kf5 Rf1+ 76.
Ke6 Re1+ 77. Kf7 Rf1+ 78. Ke7 Re1+ 79. Kf6 Rf1+ 80. Kg5 Rg1+ 81. Kf4 Rf1+ 82. Ke3 Ra1 83. Ke2 Ra2+ 84. Kd1 Ra1+ 85. Kc2 Ra2+ 86. Kb3 Ra6 87. Kb4 Ra1 88. Kc3 Ra6 89. Kb2 Ra5 90. Kb3 Ra6 91.
Kc4 Ra1 92. Kd5 Rd1+ 93. Kc4 Rc1+ 94. Kd3 Ra1 95. Kc4 Ra2 96. Kb5 Ra1 97. Kc5 Rc1+ 98. Kd4 Rd1+ 99. Ke3 Ra1 100. Rb8 Rxa7 101. Rc8 Kxh6 102.
Kd4 Ra5 103. Kc4 Rg5 104. Rc6+ Kh5 105. Rc5 Rxc5+ 106.
Kxc5 1/2-1/2